 Dungeon Crawl Stone Soup version 0.28-a0-1447-ga5a8893891 (webtiles) character file.

Game seed: 17061237588416814662

33 ytrimaz the Insei (level 3, -3/23 HPs)
             Began as an Octopode Transmuter on Jan 10, 2022.
             Slain by Terence (11 damage)
             ... on level 2 of the Dungeon.
             The game lasted 00:01:14 (1389 turns).

ytrimaz the Insei (Octopode Transmuter)             Turns: 1389, Time: 00:01:14

Health: -3/23      AC:  2    Str:  9    XL:     3   Next: 29%
Magic:  1/6        EV: 19    Int: 17    God:
Gold:   28         SH:  0    Dex: 17    Spells: 0/6 levels left

rFire   . . .      SeeInvis .     - Unarmed
rCold   . . .      Faith    .   (shield currently unavailable)
rNeg    . . .      Spirit   .   (helmet currently unavailable)
rPois   x          Reflect  .   (no amulet)
rElec   .          Harm     .   b - ring of resist corrosion
rCorr   +          Rampage  .   (no ring)
Will    .....                   (no ring)
Stlth   ++........              (no ring)
HPRegen 0.07/turn               (no ring)
MPRegen 0.10/turn               (no ring)
                                (no ring)
                                (no ring)

@: spider-form
A: venomous fangs, almost no armour, (amphibious), 8 rings, tiny, (camouflage
1), (gelatinous body 1), (nimble swimmer 1), (tentacles)
a: End Transformation


You were on level 2 of the Dungeon.
You were a venomous arachnid creature.
You visited 1 branch of the dungeon, and saw 2 of its levels.

You collected 28 gold pieces.

Inventory:

Jewellery
 b - a ring of resist corrosion (left front leg)
Scrolls
 d - a scroll of teleportation
Potions
 a - 2 potions of magic
 e - a potion of degeneration {unknown}


   Skills:
 * Level 1.4 Fighting
 - Level 2.0 Dodging
 + Level 3.5 Unarmed Combat
 * Level 2.4 Spellcasting
 * Level 2.3 Transmutations


You couldn't memorise any spells.
You knew the following spells:

 Your Spells              Type           Power      Damage    Failure   Level
a - Beastly Appendage     Tmut           20%        N/A       19%         1
b - Wereblood             Tmut           10%        N/A       26%         2
c - Spider Form           Tmut/Pois      6%         N/A       56%         3

Your spell library contained the following spells:

 Spells                   Type           Power      Damage    Failure   Level
 Magic Dart               Conj           8%         1d3       38%         1
 Call Imp                 Summ           2%         N/A       50%         2
 Mephitic Cloud           Conj/Pois/Air  2%         N/A       71%         3
 Ice Form                 Ice/Tmut       6%         N/A       89%         4


Dungeon Overview and Level Annotations

Branches:
Dungeon (2/15)

Altars:

Annotations:
D:2 Terence


Innate Abilities, Weirdness & Mutations

You are a venomous arachnid creature.
You have poisonous fangs.
You are tiny and dextrous.
Your spellcasting is less reliable in this form.
Your armour is entirely melded.
You are incapable of wielding weapons or throwing items.
You cannot wear most types of armour.
((You are amphibious.))
You can wear up to eight rings at the same time.
((Your skin changes colour to match your surroundings (Stealth+).))
((Your rubbery body absorbs attacks. (AC +1, EV +1)))
((You are camouflaged when in or above water. (Stealth+)))
((You have tentacles for arms and can constrict up to eight enemies at once.))


Message History

You start resting.
Your tentacle spike disappears.
You start resting.
Your magical contamination has completely faded away.
You start resting.
HP restored.
Casting: Spider Form (extremely dangerous; 34% risk of failure)
Confirm with . or Enter, or press ? or * to list all spells.
The spell is extremely dangerous to miscast (34% risk of failure)!
Continue anyway?
Uppercase [Y]es or [N]o only, please.
The spell is extremely dangerous to miscast (34% risk of failure)!
Continue anyway?
Okay, then.
Casting: Spider Form (extremely dangerous; 34% risk of failure)
Confirm with . or Enter, or press ? or * to list all spells.
The spell is extremely dangerous to miscast (34% risk of failure)!
Continue anyway?
You miscast Spider Form.
You are very lightly contaminated with residual magic.
Nothing appears to happen.
Unknown command.
You see here a sedimented green potion.
Casting: Spider Form (extremely dangerous; 34% risk of failure)
Confirm with . or Enter, or press ? or * to list all spells.
The spell is extremely dangerous to miscast (34% risk of failure)!
Continue anyway?
You turn into a venomous arachnid creature.
Terence shouts!
The ball python hisses angrily.
Terence says, "Don't bother to defend, it's senseless."
Unknown command.
Terence barely misses you.
You see here a sedimented green potion.
You barely miss Terence. Terence hits you with a +0 flail!
You hit Terence but do no damage.
Terence is poisoned.
Terence hits you with a +0 flail!
Your magical contamination has completely faded away.
You hit Terence but do no damage.
Terence looks as sick as possible!
Terence is lightly wounded.
Terence barely misses you.
You hit Terence but do no damage.
Terence looks as sick as possible!
Terence is lightly wounded.
Terence hits you with a +0 flail!
You die...

...... #....#
#....# #....# ###
#....# #<# #....#
#[# #S# #.# #####
#@# #.#
......#s#########.#
#..†..........#
......#.###########
#######.# #.# #.#
... #.# #.#


You could see Terence (extremely poisoned) and a ball python.

Vanquished Creatures
  A dart slug (D:1)
  2 endoplasms
  2 giant cockroaches (D:1)
  A goblin (D:1)
  3 hobgoblins (D:1)
  8 jackals (D:1)
  A quokka (D:1)
  3 bats (D:1)
  4 frilled lizards
  A rat (D:1)
26 creatures vanquished.

Notes
Turn   | Place    | Note
-------+----------+-------------------------------------------
     0 | D:1      | ytrimaz the Octopode Transmuter began the quest for the
                  | Orb.
     0 | D:1      | Reached XP level 1. HP: 13/13 MP: 3/3
   277 | D:1      | Reached XP level 2. HP: 18/18 MP: 3/5
   885 | D:1      | Reached XP level 3. HP: 23/23 MP: 4/6
   888 | D:1      | Learned a level 2 spell: Wereblood
   892 | D:1      | Learned a level 3 spell: Spider Form
  1345 | D:2      | Noticed Terence
  1389 | D:2      | Slain by Terence

Illustrated notes

Levels and vault maps discovered:
D:1:      minmay_arrival_four_circles, layout_basic, minmay_3d_cube
D:2:      layout_basic, serial_shops, nicolae_shop_window_shopping,
          hellmonk_ecumenical_altar_run_dry, uniq_terence

Action                   || total
-------------------------++-------
Melee: Unarmed           ||    63
       Constrict         ||    17
       Kick              ||    10
       Tentacles         ||     8
 Cast: Beastly Appendage ||    14
       Spider Form       ||     1
       Wereblood         ||     1
  Use: Scroll            ||     2
 Stab: Sleeping          ||     5
Armor: Skin              ||     4
Dodge: Dodged            ||    37

Table legend: (Time is in decaauts)
 A = Elapsed time spent in this place.
 B = Non-inter-level travel time spent in this place.
 C = Inter-level travel time spent in this place.
 D = Time resting spent in this place.
 E = Time spent auto-exploring this place.
 F = Levels seen in this place.
 G = Mean time per level.
                   A        B        C        D        E       F      G
               +--------+--------+--------+--------+--------+-----+--------+
         Total |   1384 |   1357 |     27 |     36 |   1102 |   2 |  692.0 |
       Dungeon |   1384 |   1357 |     27 |     36 |   1102 |   2 |  692.0 |
               +--------+--------+--------+--------+--------+-----+--------+

Top non-repeatable levels by time:
     D:1: 1242 daAuts
     D:2: 142 daAuts
